 Dungeon Crawl Stone Soup version 0.31-a0-1570-g93c622d222 (webtiles) character file.

Game seed: 4149975281397066972

16098 Drazool the Grappler (level 12, -4/118 (126) HPs)
             Began as a Troll Shapeshifter on Jan 3, 2024.
             Was a High Priest of Ru.
             Slain by a boulder beetle (18 damage)
             ... on level 1 of the Lair of Beasts.
             The game lasted 00:33:08 (9731 turns).

Drazool the Grappler (Troll Shapeshifter)           Turns: 9731, Time: 00:33:08

HP:   -4/118 (126)  AC:  2    Str: 29    XL:     12   Next: 7%
MP:   0/12          EV: 12    Int:  4    God:    Ru [*****.]
Gold: 402           SH:  0    Dex: 15    Spells: 13/13 levels left

rFire   x .          .
                       - Unarmed
rCold   x . .        (no shield)
rNeg    . . .        a - melded +0 animal skin
rPois   .            (helmet restricted)
rElec   .            (no cloak)
rCorr   .            (gloves unavailable)
SInv    .            (boots unavailable)
Will    .....        n - amulet of guardian spirit
Stlth   +            D - +6 ring of dexterity
HPRegen 1.19/turn    (no ring)
MPRegen 0.13/turn

%: guardian spirit
@: lethally poisoned (-4 -> -5), exhausted, maw-form, drained
A: devouring maw, large, unfitting armour, claws 3, dopey 1, regeneration 1,
shaggy fur 1, tough skin 1, inability to drink after injury 2, hated by all,
temperature sensitive
a: Begin Untransformation, Renounce Religion, Draw Out Power, Power Leap,
Apocalypse


You were on level 1 of the Lair of Beasts.
You worshipped Ru.
Ru was extremely pleased with you.
You were a creature with a mouth for a stomach.
You visited 2 branches of the dungeon, and saw 12 of its levels.

You collected 546 gold pieces.
You spent 144 gold pieces at shops.


Innate Abilities, Weirdness & Mutations

You are a creature with a mouth for a stomach.
Your midsection houses a second, enormous mouth.
You are too large for most types of armour.
You have claws for hands.
You are dopey. (Int -2)
Your natural rate of healing is unusually fast.
You are covered in fur. (AC +1)
You have tough skin. (AC +1)
You sometimes lose the ability to drink potions when taking damage.
You are hated by all.
You are sensitive to extremes of temperature. (rF-, rC-)


   Skills:
 - Level 10.0 Fighting
 - Level 5.0 Dodging
 * Level 10.6 Unarmed Combat
 + Level 1.3 Spellcasting
 * Level 10.5 Shapeshifting


You had 13 spell levels left.
You didn't know any spells.
Your spell library contained the following spells:

 Spells                   Type           Power      Damage    Failure   Level
 Apportation              Tloc           0%         N/A       45%         1
 Necrotise                Necr           0%         1d4       45%         1
 Sting                    Conj/Alch      0%         1d3       45%         1
 Blink                    Tloc           0%         N/A       61%         2
 Cigotuvi's Dreadful Rot  Necr/Alch/Air  0%         N/A       61%         2
 Lesser Beckoning         Tloc           0%         N/A       61%         2
 Momentum Strike          Conj/Tloc      0%         3d8       61%         2
 Sigil of Binding         Hex            0%         N/A       83%         3
 Dimensional Bullseye     Hex/Tloc       0%         N/A       99%         4
 Ignite Poison            Fire/Alch      0%         N/A       99%         4
 Sticky Flame             Fire/Alch      0%         2d4       99%         4
 Yara's Violent Unravell  Hex/Alch       0%         3d3       100%        5
 Ignition                 Fire           0%         3d3       100%        8
 Summon Small Mammal      Summ           Unusable   N/A       N/A         1
 Call Canine Familiar     Summ           Unusable   N/A       N/A         3
 Summon Blazeheart Golem  Fire/Summ      Unusable   N/A       N/A         4

Inventory:

Missiles
 p - 28 poisoned darts (quivered)
 y - 8 large rocks {=f}
 z - a curare-tipped dart {=f}
 A - a throwing net {=f}
Armour
 a - a +0 animal skin (melded)
 G - a +0 troll leather armour
Magical Staves
 k - a staff of cold {!a}
 w - a staff of fire {!a}
Jewellery
 n - an amulet of guardian spirit (around neck)
 D - a +6 ring of dexterity (left claw)
 F - a ring of fire
Talismans
 c - a beast talisman
 d - a flux talisman
 e - a talisman of death
 u - a maw talisman (active)
Wands
 l - a wand of flame (34)
 B - a wand of digging (8)
 I - a wand of mindburst (5)
 J - a wand of acid (2)
Scrolls
 g - a scroll of teleportation {@r2}
 m - a scroll of fear
 r - a scroll of acquirement {unknown}
 s - 2 scrolls of vulnerability
 v - a scroll of summoning {unknown}
 x - a scroll of revelation {unknown}
 C - a scroll of immolation
 H - a scroll of enchant armour {unknown}
 K - a scroll of enchant weapon {unknown}
 M - a scroll of identify {@r1}
 P - a scroll of silence {unknown}
Potions
 b - 2 potions of lignification
 f - 4 potions of enlightenment {unknown}
 h - a potion of brilliance {unknown}
 i - 2 potions of might {unknown}
 j - 8 potions of curing {@q1}
 o - a potion of cancellation {unknown}
 q - 5 potions of attraction {unknown}
 t - a potion of magic {unknown}
 E - 2 potions of haste {unknown}
 L - a potion of resistance {unknown}
 N - 2 potions of berserk rage {unknown}
 O - a potion of heal wounds {@q2}

Dungeon Overview and Level Annotations

Branches:
Dungeon (10/15)            Temple (0/1) D:4            Lair (2/5) D:9
  Swamp: Lair:2-3    Shoals: Lair:2-3     Snake: Lair:2-3    Spider: Lair:2-3
    Orc: D:9-12

Altars:
Ashenzari
Cheibriados
Dithmenos
Elyvilon
Gozag
Makhleb
Nemelex Xobeh
Okawaru
Ru
Trog
Uskayaw
Wu Jian
Zin

Shops:
D:3 !   D:4 [   D:6 *

Annotations:
D:3 1 runed translucent door, Crazy Yiuf
D:9 2 transporters, DeathSocks's ghost, journeyman MiFi

#.........# ###..###......
###......## #..# ##.....
#.......# ##..# ##....
##......## #.#.## ##....
##......######..###.....
#........# #.###......
##.......## #..........
####B....###..........
##W.....#.........#
##.....##.........
##.......#.......
#...............
##.......#......
#####.......##....
#########.####.....##.##.#
#............†.....#######
###.............)....#####


You could see a boulder beetle.


Message History

The boulder beetle bites you.
* * * LOW HITPOINT WARNING * * *
Unknown command.
You scratch the boulder beetle.
The boulder beetle is lightly wounded.
You feel very sick. The boulder beetle bites you!
* * * LOW HITPOINT WARNING * * *
You scratch the boulder beetle but do no damage.
The boulder beetle is lightly wounded.
You feel very sick.
The boulder beetle begins to attack, but is stunned by your conviction!
Unknown command.
You barely miss the boulder beetle. You bite the boulder beetle.
The boulder beetle is lightly wounded.
You feel very sick.
The boulder beetle begins to attack, but is stunned by your conviction!
Unknown command.
You claw the boulder beetle!
The boulder beetle is moderately wounded.
You feel sick.
You mangle the boulder beetle!! You bite the boulder beetle.
The boulder beetle is severely wounded.
You feel sick. The boulder beetle misses you.
You scratch the boulder beetle.
You claw the boulder beetle, but do no damage.
You bite the boulder beetle, but do no damage.
The boulder beetle is severely wounded.
You feel sick. The boulder beetle bites you!!
You die...

Skill      XL: |  1  2  3  4  5  6  7  8  9 10 11 |
---------------+----------------------------------+-----
Unarmed Combat | 4 5 7 9 10 | 10.6
Fighting       | 2 3 4 6 7 10 | 10.0
Shapeshifting  | 5 7 10 | 10.5
Dodging        | 4 5 |  5.0
Spellcasting   | 1 |  1.3

Action                     |  1- 3 |  4- 6 |  7- 9 | 10-12 || total
---------------------------+-------+-------+-------+-------++-------
  Melee: Unarmed           |    74 |   132 |   230 |   273 ||   709
         Punch             |     1 |     6 |     4 |     3 ||    14
         Maw               |       |       |       |    40 ||    40
  Throw: Dart              |       |       |     1 |    16 ||    17
 Invoke: Sacrifice Resista |       |     1 |       |       ||     1
         Sacrifice Drink   |       |       |     1 |       ||     1
         Apocalypse        |       |       |       |     4 ||     4
         Power Leap        |       |       |       |     1 ||     1
         Sacrifice Love    |       |       |       |     1 ||     1
         Draw Out Power    |       |       |       |     1 ||     1
         Sacrifice Purity  |       |       |       |     1 ||     1
  Evoke: Wand              |       |     7 |    17 |     7 ||    31
    Use: Scroll            |       |     3 |     1 |     4 ||     8
         Potion            |       |       |       |     5 ||     5
   Stab: Sleeping          |       |     6 |     2 |       ||     8
         Distracted        |       |     1 |       |       ||     1
         Invisible         |       |       |       |     3 ||     3
 Armour: Animal skin       |    49 |    76 |    12 |       ||   137
         Skin              |       |       |    82 |   148 ||   230
  Dodge: Dodged            |    29 |    44 |   158 |   154 ||   385
   Form: Flux              |       |       |     1 |       ||     1
         Maw               |       |       |       |     1 ||     1

Levels and vault maps discovered:
D:1:      dpeg_arrival_connections, layout_basic, basic_ecumenical_altar
D:2:      layout_basic, basic_altar
D:3:      layout_loops_ring, old_standard_altar, lightli_temple_of_fire,
          serial_shops, shop, uniq_ijyb, uniq_natasha, uniq_crazy_yiuf_cottage
D:4:      layout_basic, mainiacjoe_overflow_catwalk, kennysheep_slug_shrine,
          minmay_temple_entry_overgrown, serial_shops, shop,
          serial_library_hellmonk_open_square, amethyst_killhole, nicolae_titane
D:5:      layout_rooms, kennysheep_mini_moat
D:6:      layout_loops_cross, nicolae_overflow_crystal_walls,
          nemelex_dance_club_becter, serial_shops, shop
D:7:      layout_rooms, nicolae_ashenzari_panopticon, uniq_joseph
D:8:      layout_gridville, gammafunk_temple_overflow_pools,
          chequers_temple_overflow_statue_of_worship, uniq_grum,
          uniq_prince_ribbit1
D:9:      layout_roguey, due_lair_maze_entry_diamond,
          gammafunk_ghost_wrathful_warriors
D:10:     minmay_cut_squares, layout_long_grid,
          hellmonk_okawaru_the_only_friend_you_need, grunt_ministairs_2,
          introduction_to_nature_2
Lair:1:   layout_cave_pods
Lair:2:   layout_roguey, beast_lair_carwin_8, grunt_megastairs_3,
          serial_bayou_shore_b, serial_bayou_shore_b, lemuel_fruit_fields

Notes
Turn   | Place    | Note
-------+----------+-------------------------------------------
     0 | D:1      | Drazool the Troll Shapeshifter began the quest for the Orb.
     0 | D:1      | Reached XP level 1. HP: 18/18 MP: 0/0
   173 | D:1      | Reached XP level 2. HP: 25/26 MP: 1/1
   251 | D:1      | Reached skill level 4 in Unarmed Combat
   478 | D:1      | Found a faded altar of an unknown god.
   529 | D:1      | Reached XP level 3. HP: 32/32 MP: 2/2
   805 | D:2      | Found a sacrificial altar of Ru.
   821 | D:2      | Became a worshipper of Ru the Awakened
   968 | D:2      | Reached XP level 4. HP: 40/40 MP: 3/3
  1051 | D:2      | Reached skill level 1 in Fighting
  1051 | D:2      | Reached skill level 5 in Unarmed Combat
  1536 | D:3      | Reached skill level 2 in Fighting
  1536 | D:3      | Reached XP level 5. HP: 50/50 MP: 4/4
  1595 | D:3      | Found Fodeuq's Distillery.
  1606 | D:3      | Bought a potion of heal wounds for 60 gold pieces
  1672 | D:3      | Reached skill level 3 in Fighting
  1697 | D:3      | Noticed Ijyb
  1723 | D:3      | Killed Ijyb
  1786 | D:3      | Noticed Natasha
  1791 | D:3      | Killed Natasha
  1873 | D:3      | Noticed Natasha
  1880 | D:3      | Killed Natasha
  1881 | D:3      | Reached XP level 6. HP: 62/62 MP: 5/5
  1906 | D:3      | Found a white marble altar of Elyvilon.
  1935 | D:3      | Gained mutation: You are sensitive to extremes of
                  | temperature. (rF-, rC-) [Ru sacrifice]
  1935 | D:3      | Reached * piety under Ru
  1935 | D:3      | Reached ** piety under Ru
  1949 | D:3      | Noticed Natasha
  1953 | D:3      | Killed Natasha
  2111 | D:3      | Found a runed translucent door.
  2112 | D:3      | Noticed Crazy Yiuf
  2143 | D:3      | Found a bloodstained altar of Trog.
  2201 | D:4      | Found a hide-covered altar of Uskayaw.
  2236 | D:4      | Reached skill level 4 in Fighting
  2331 | D:4      | Found Rahe's Armour Shoppe.
  2500 | D:4      | Found a snail-covered altar of Cheibriados.
  2644 | D:4      | Found a staircase to the Ecumenical Temple.
  2807 | D:5      | Entered Level 5 of the Dungeon
  2827 | D:5      | Found a burning altar of Makhleb.
  2857 | D:5      | Noticed an ice beast
  2866 | D:5      | Killed an ice beast
  2867 | D:5      | Reached skill level 4 in Shapeshifting
  3088 | D:5      | Noticed a water moccasin
  3096 | D:5      | Killed a water moccasin
  3097 | D:5      | Reached skill level 5 in Shapeshifting
  3097 | D:5      | Reached XP level 7. HP: 59/70 MP: 4/6
  3517 | D:6      | Reached skill level 6 in Shapeshifting
  3633 | D:6      | Reached skill level 7 in Shapeshifting
  3633 | D:6      | Reached XP level 8. HP: 63/78 MP: 4/7
  3814 | D:6      | Found Faffesiaj's Assorted Antiques.
  3822 | D:6      | Bought a potion of curing for 63 gold pieces
  3822 | D:6      | Bought a scroll labelled KUN NOTUOMUA for 21 gold pieces
  3837 | D:6      | Reached skill level 6 in Unarmed Combat
  3882 | D:6      | Reached skill level 7 in Unarmed Combat
  3882 | D:6      | Reached skill level 2 in Dodging
  3905 | D:6      | Found a hazy altar of Hepliaklqana.
  4186 | D:6      | Reached skill level 3 in Dodging
  4202 | D:6      | Found a sparkling altar of Nemelex Xobeh.
  4425 | D:7      | Gained mutation: You occasionally lose the ability to drink
                  | potions when taking damage. [Ru sacrifice]
  4425 | D:7      | Gained mutation: You sometimes lose the ability to drink
                  | potions when taking damage. [Ru sacrifice]
  4425 | D:7      | Reached *** piety under Ru
  4466 | D:7      | Reached skill level 4 in Dodging
  4489 | D:7      | Found a broken altar of Ashenzari.
  4573 | D:7      | Reached XP level 9. HP: 83/84 MP: 6/8
  4683 | D:7      | Reached skill level 5 in Dodging
  4752 | D:7      | Noticed Joseph
  4769 | D:7      | Killed Joseph
  5192 | D:8      | Noticed Grum
  5211 | D:8      | Killed Grum
  5212 | D:8      | Reached skill level 5 in Fighting
  5212 | D:8      | Reached skill level 8 in Unarmed Combat
  5311 | D:8      | Found an ornate altar of the Wu Jian Council.
  5312 | D:8      | Found a blossoming altar of Fedhas.
  5348 | D:8      | Found a shadowy altar of Dithmenos.
  5349 | D:8      | Found a glowing silver altar of Zin.
  5349 | D:8      | Found an opulent altar of Gozag.
  5377 | D:8      | Noticed Prince Ribbit
  5387 | D:8      | Killed Prince Ribbit
  5802 | D:8      | Reached skill level 6 in Fighting
  5803 | D:8      | Reached skill level 9 in Unarmed Combat
  6248 | D:8      | Reached XP level 10. HP: 98/98 MP: 9/9
  6282 | D:9      | Noticed a moth of wrath
  6282 | D:9      | Noticed DeathSocks's ghost (journeyman MiFi)
  6293 | D:9      | Found a transporter.
  6294 | D:9      | Found a bloodstained altar of Trog.
  6302 | D:9      | Found a transporter.
  6306 | D:9      | Noticed a deep troll
  6417 | D:9      | Reached skill level 10 in Unarmed Combat
  6472 | D:9      | Found a staircase to the Lair.
  6476 | D:9      | Gained mutation: You are hated by all. [Ru sacrifice]
  6476 | D:9      | Reached **** piety under Ru
  6476 | D:9      | Reached ***** piety under Ru
  6548 | D:9      | Noticed a two-headed ogre
  6556 | D:9      | Killed a two-headed ogre
  6557 | D:9      | Reached skill level 8 in Shapeshifting
  6891 | D:9      | Reached skill level 9 in Shapeshifting
  6991 | D:10     | Entered Level 10 of the Dungeon
  7315 | D:10     | Found an iron altar of Okawaru.
  7367 | D:10     | Noticed a five-headed hydra
  7382 | D:10     | Killed a five-headed hydra
  7391 | D:10     | Noticed a boulder beetle
  7394 | D:10     | Reached skill level 10 in Shapeshifting
  7462 | D:10     | Killed a boulder beetle
  7526 | D:10     | Noticed an oklob plant
  7527 | D:10     | Killed an oklob plant
  7528 | D:10     | Reached skill level 7 in Fighting
  7528 | D:10     | Reached XP level 11. HP: 93/102 MP: 1/10
  7631 | D:10     | Noticed a two-headed ogre
  7640 | D:10     | Killed a two-headed ogre
  7679 | D:10     | Got the Volume of the Fetid Jaunt
  7682 | D:10     | Identified the +1 dagger of Integrity {antimagic, rElec rN+
                  | Int-3}
  7787 | D:10     | Noticed a boulder beetle
  7803 | D:10     | Killed a boulder beetle
  7804 | D:10     | Reached skill level 8 in Fighting
  8142 | D:10     | Reached skill level 9 in Fighting
  8482 | Lair:1   | Entered Level 1 of the Lair of Beasts
  8845 | Lair:1   | Gained mutation: You are dopey. (Int -2) [Ru sacrifice]
  8874 | Lair:1   | Reached skill level 10 in Fighting
  9024 | Lair:1   | Noticed a skyshark
  9031 | Lair:1   | Killed a skyshark
  9566 | Lair:1   | Reached skill level 1 in Spellcasting
  9714 | Lair:2   | Reached XP level 12. HP: 110/114 MP: 3/12
  9714 | Lair:2   | Noticed a boulder beetle
  9731 | Lair:1   | Slain by a boulder beetle

Vanquished Creatures
  A hydra (D:10)
  2 boulder beetles (D:10)
  2 two-headed ogres
  A skyshark (Lair:1)
  An oklob plant (D:10)
  2 cyclopes (D:10)
  A manticore (D:10)
  A black mamba (Lair:1)
  A torpor snail (Lair:2)
  Joseph (D:7)
  A cane toad (Lair:1)
  An unseen horror (D:10)
  A tengu conjurer (D:10)
  3 komodo dragons (Lair:1)
  A troll (D:9)
  2 hornets (D:10)
  5 blink frogs (Lair:1)
  Prince Ribbit (D:8)
  A slime creature (D:10)
  4 yaks
  Grum (D:8)
  3 steam dragons
  9 water moccasins
  3 orc warriors
  4 ice beasts
  2 sky beasts (D:7)
  5 black bears
  2 ogres (D:6)
  10 wolves
  3 centaurs
  3 kobold brigands
  2 bullfrogs
  2 scorpions
  7 wights
  4 killer bees (D:9)
  An oklob sapling (D:10)
  2 howler monkeys (D:6)
  4 bombardier beetles
  2 hounds (D:6)
  A jelly (D:6)
  A gnoll bouda (D:7)
  10 orc priests
  4 orc wizards
  Ijyb (D:3)
  Natasha (thrice) (D:3)
  2 iguanas
  10 adders
  4 gnolls
  A shadow imp (D:3)
  A white imp (D:5)
  A dart slug (D:4)
  3 ribbon worms
  27 orcs
  9 endoplasms
  A giant cockroach (D:2)
  6 goblins
  6 hobgoblins
  8 jackals
  7 quokkas
  9 ball pythons
  7 bats
  A frilled lizard (D:1)
  21 kobolds
  5 rats
251 creatures vanquished.

Vanquished Creatures (others)
  A cane toad (Lair:1)
  A wight (D:6)
  A killer bee (D:9)
3 creatures vanquished.

Grand Total: 254 creatures vanquished

Table legend: (Time is in decaauts)
 A = Elapsed time spent in this place.
 B = Non-inter-level travel time spent in this place.
 C = Inter-level travel time spent in this place.
 D = Time resting spent in this place.
 E = Time spent auto-exploring this place.
 F = Levels seen in this place.
 G = Mean time per level.
                   A        B        C        D        E       F      G
               +--------+--------+--------+--------+--------+-----+--------+
         Total |   9652 |   9213 |    439 |    492 |   6660 |  12 |  804.3 |
       Dungeon |   8416 |   8025 |    391 |    492 |   5648 |  10 |  841.6 |
          Lair |   1235 |   1187 |     48 |      0 |   1012 |   2 |  617.5 |
               +--------+--------+--------+--------+--------+-----+--------+

Top non-repeatable levels by time:
    D:10: 1350 daAuts
  Lair:1: 1225 daAuts
     D:8: 1128 daAuts
     D:6: 973 daAuts
     D:9: 808 daAuts
     D:1: 801 daAuts
     D:7: 772 daAuts
     D:3: 735 daAuts
     D:2: 657 daAuts
     D:4: 603 daAuts
     D:5: 586 daAuts
  Lair:2: 10 daAuts

Table legend:
 A = Non-vault XP
 B = Vault XP
 C = Vault XP percentage of total XP
 D = Non-vault monster count
 E = Vault monster count
 F = Vault count percentage of total count
                 A         B        C        D         E       F
            +---------+---------+-------+---------+---------+-------
      Total |   14239 |    8759 |  38.1 |     201 |      52 |  20.6
            +---------+---------+-------+---------+---------+-------
        D:1 |      48 |       0 |   0.0 |      22 |       0 |   0.0
        D:2 |      98 |       0 |   0.0 |      22 |       0 |   0.0
        D:3 |     214 |      72 |  25.2 |      20 |       2 |   9.1
        D:4 |      19 |       4 |  17.4 |      10 |       1 |   9.1
        D:5 |     456 |       0 |   0.0 |       8 |       0 |   0.0
        D:6 |    1369 |     123 |   8.2 |      25 |       2 |   7.4
        D:7 |     893 |     583 |  39.5 |      14 |       3 |  17.6
        D:8 |    1127 |     691 |  38.0 |      28 |       4 |  12.5
        D:9 |    1811 |    1437 |  44.2 |      19 |      14 |  42.4
       D:10 |    1575 |    5647 |  78.2 |       7 |      25 |  78.1
     Lair:1 |    5781 |       0 |   0.0 |      23 |       0 |   0.0
     Lair:2 |     848 |     202 |  19.2 |       3 |       1 |  25.0
            +---------+---------+-------+---------+---------+-------
